 Dungeon Crawl Stone Soup version 0.30-a0-1124-g6e8f0f562f (webtiles) character file.

Game seed: 10531707288569421396

32 MackTheKnife the Magician (level 2, -2/20 HPs)
             Began as a Demigod Hedge Wizard on Apr 23, 2023.
             Slain by an adder (3 damage)
             ... on level 2 of the Dungeon.
             The game lasted 00:01:38 (1185 turns).

MackTheKnife the Magician (Demigod Hedge Wizard)    Turns: 1185, Time: 00:01:38

Health: -2/20      AC:  2    Str: 11    XL:     2   Next: 93%
Magic:  1/8        EV: 12    Int: 16    God:
Gold:   26         SH:  0    Dex: 13    Spells: 4/7 levels left

rFire   . . .        a - +0 dagger {short}
rCold   . . .        (no shield)
rNeg    . . .        b - +0 robe
rPois   .            c - +0 hat
rElec   .            (no cloak)
rCorr   .            (no gloves)
SInv    .            (no boots)
Will    .....        (no amulet)
Stlth   ++           (no ring)
HPRegen 0.23/turn    (no ring)
MPRegen 0.11/turn

%: no passive effects
@: lethally poisoned (-2 -> -5), very slightly contaminated
A: high MP 1, forlorn, divine attributes
a: no special abilities


You were on level 2 of the Dungeon.
You visited 1 branch of the dungeon, and saw 2 of its levels.

You collected 26 gold pieces.


Innate Abilities, Weirdness & Mutations

You have an increased reservoir of magic. (+10% MP)
You shall have no god before yourself.
Your divine heritage dramatically boosts your attributes as you level up.


   Skills:
 - Level 1.7 Dodging
 - Level 1.7 Stealth
 + Level 3.0 Spellcasting
 + Level 1.6 Conjurations
 + Level 1.7 Summonings
 - Level 0.8 Translocations


You had 4 spell levels left.
You knew the following spells:

 Your Spells              Type           Power      Damage    Failure   Level
a - Magic Dart            Conj           28%        1d4       10%         1
b - Call Imp              Summ           16%        N/A       14%         2

Your spell library contained the following spells:

 Spells                   Type           Power      Damage    Failure   Level
 Slow                     Hex            8%         N/A       19%         1
 Blink                    Tloc           10%        N/A       21%         2
 Cigotuvi's Dreadful Rot  Necr/Pois/Air  4%         N/A       28%         2
 Mephitic Cloud           Conj/Pois/Air  4%         N/A       41%         3

Inventory:

Hand Weapons
 a - a +0 dagger (weapon) {short}
Missiles
 e - 5 stones {throwing}
 f - 4 curare-tipped darts {=fthrowing}
Armour
 b - a +0 robe (worn)
 c - a +0 hat (worn)
Scrolls
 h - 2 scrolls of teleportation {unknown}
 j - a scroll of fear {unknown}
Potions
 d - a potion of magic
 g - 2 potions of berserk rage {unknown}
 i - a potion of lignification {unknown}
 k - 2 potions of degeneration {unknown}
 l - a potion of curing {unknown}

Dungeon Overview and Level Annotations

Branches:
Dungeon (2/15) Zot: 10814

... ...
#.# ...
#.# #.#
#)#
##S##
#@.5#
#......#
#......#
#......#
..#...##
#.###.##
.. #.#
... .#


You could see an adder (ally target) and a friendly cerulean imp (summoned).


Message History

The magic dart hits the ball python.
The ball python bites you but does no damage.
The ball python constricts you. 😕 MP[-1]
You lost 1 mp, and now have 5/8 mp.
The magic dart hits the ball python.
You kill the ball python! 😕 MP[-1]
You lost 1 mp, and now have 4/8 mp.
Casting: Magic Dart (safe; 10% risk of failure)
Confirm with . or Enter, or press ? or * to list all spells.
A tiny devil pulls itself out of the air.
Your cerulean imp says, "I bow to your vassalage, O illustrious and god-like ruler!" 😕 MP[-2]
You lost 2 mp, and now have 2/8 mp.
Unknown command.
Casting: Call Imp (safe; 14% risk of failure)
Confirm with . or Enter, or press ? or * to list all spells.
Aiming: Magic Dart (safe; 10% risk of failure)
Press: ? - help, Shift-Dir - straight line, f - adder
Aim: an adder (ally target, 100% to hit)
The magic dart hits the adder but does no damage.
The adder closely misses you.
Your cerulean imp completely misses the adder. 😕 HP[+1]
Casting: Magic Dart (safe; 10% risk of failure)
Confirm with . or Enter, or press ? or * to list all spells.
Aiming: Magic Dart (safe; 10% risk of failure)
Press: ? - help, Shift-Dir - straight line, f/p - adder
Aim: an adder (ally target, 100% to hit)
You miscast Magic Dart.
You are very lightly contaminated with residual magic.
Nothing appears to happen.
The adder misses you.
Your cerulean imp hits the adder with a -3 spear. 😕 MP[-1]
You lost 1 mp, and now have 1/8 mp.
Casting: Magic Dart (safe; 10% risk of failure)
Confirm with . or Enter, or press ? or * to list all spells.
Aiming: Magic Dart (safe; 10% risk of failure)
Press: ? - help, Shift-Dir - straight line, f/p - adder
Aim: an adder (lightly wounded, ally target, 100% to hit)
You miscast Magic Dart.
Nothing appears to happen.
The adder bites you.
Your cerulean imp completely misses the adder. 😕 HP[-2] MP[-1]
You take 2 damage, and now have 17/20 hp.
You lost 1 mp, and now have 0/8 mp.
You miss the adder. Your punch misses the adder. The adder closely misses you.
The adder bites you.
Your cerulean imp misses the adder. 😮 HP[-2]
You take 2 damage, and now have 15/20 hp.
You hit the adder. The adder bites you.
You are poisoned.
The adder poisons you!
Your cerulean imp completely misses the adder. 😮 HP[-1]
You take 1 damage, and now have 14/20 hp.
You closely miss the adder.
You feel sick. The adder closely misses you.
Your cerulean imp closely misses the adder. 😮 HP[-1]
You take 1 damage, and now have 13/20 hp.
You barely miss the adder.
You feel sick. The adder closely misses you.
Your cerulean imp barely misses the adder. 😮 HP[-1]
You take 1 damage, and now have 12/20 hp.
You completely miss the adder.
You feel sick. The adder misses you. The adder bites you.
* * * LOW HITPOINT WARNING * * *
Your cerulean imp barely misses the adder. 😨 HP[-3]
You take 3 damage, and now have 9/20 hp.
You miss the adder.
You feel sick. The adder bites you.
* * * LOW HITPOINT WARNING * * *
You are lethally poisoned!
The adder poisons you!
Your cerulean imp hits the adder with a -3 spear. 😱 HP[-5]
You take 5 damage, and now have 4/20 hp.
MASSIVE DAMAGE!! (PAUSE)
Casting: Magic Dart (safe; 10% risk of failure)
Confirm with . or Enter, or press ? or * to list all spells.
Okay, then.
You hit the adder but do no damage.
* * * LOW HITPOINT WARNING * * *
You feel sick. The adder bites you but does no damage.
Your cerulean imp hits the adder with a -3 spear. 😱 HP[-1] MP[+1]
You take 1 damage, and now have 3/20 hp.
Unknown command.
You closely miss the adder.
* * * LOW HITPOINT WARNING * * *
You feel sick. The adder misses you. The adder barely misses you.
Your cerulean imp closely misses the adder. 😱 HP[-1]
You take 1 damage, and now have 2/20 hp.
Unknown command.
You hit the adder but do no damage.
* * * LOW HITPOINT WARNING * * *
You feel sick. The adder bites you.
You die...

Skill      XL: |  1  2 |
---------------+-------+-----
Conjurations   | 1 |  1.6
Summonings     | 1 |  1.7
Spellcasting   | 3 |  3.0
Dodging        | |  1.7
Stealth        | |  1.7
Translocations | |  0.8

Action                     || total
---------------------------++-------
  Melee: Dagger            ||    42
   Cast: Magic Dart        ||    57
         Call Imp          ||     2
   Stab: Sleeping          ||     1
 Armour: Robe              ||     8
  Dodge: Dodged            ||    45

Levels and vault maps discovered:
D:1:      minmay_arrival_stair_chambers, layout_loops_ring
D:2:      layout_loops_ring, basic_altar

Notes
Turn   | Place    | Note
-------+----------+-------------------------------------------
     0 | D:1      | MackTheKnife the Demigod Hedge Wizard began the quest for
                  | the Orb.
     0 | D:1      | Reached XP level 1. HP: 14/14 MP: 6/6
     0 | D:1      | magus.rc [v1.9.6]
    43 | D:1      | Reached skill level 1 in Conjurations
    43 | D:1      | Reached skill level 1 in Summonings
   424 | D:1      | Reached XP level 2. HP: 20/20 MP: 5/8
   555 | D:1      | Reached skill level 3 in Spellcasting
   778 | D:1      | HP: 4/20 [jackal (3)]
   783 | D:1      | HP: 2/20 [jackal (1)]
   816 | D:1      | HP: 3/20 [dart slug/slug dart (4)]
   904 | D:1      | Learned a level 2 spell: Call Imp
  1182 | D:2      | HP: 4/20 [adder (4)]
  1185 | D:2      | HP: 1/20 [poisoned by an adder]
  1185 | D:2      | Slain by an adder

Vanquished Creatures
  3 dart slugs (D:1)
  An endoplasm (D:1)
  5 goblins
  2 hobgoblins (D:1)
  3 jackals (D:1)
  A kobold (D:1)
  A ball python (D:2)
  3 bats (D:1)
  2 frilled lizards (D:1)
  5 rats (D:1)
26 creatures vanquished.

Table legend:
 A = Non-vault XP
 B = Vault XP
 C = Vault XP percentage of total XP
 D = Non-vault monster count
 E = Vault monster count
 F = Vault count percentage of total count
                 A         B        C        D         E       F
            +---------+---------+-------+---------+---------+-------
      Total |      46 |       0 |   0.0 |      26 |       0 |   0.0
            +---------+---------+-------+---------+---------+-------
        D:1 |      44 |       0 |   0.0 |      24 |       0 |   0.0
        D:2 |       2 |       0 |   0.0 |       2 |       0 |   0.0
            +---------+---------+-------+---------+---------+-------

Illustrated notes

Table legend:
 A = Kills in this place as a percentage of kills in the entire game.
 B = Kills by you in this place as a percentage of kills by you in the entire game.
 C = Kills by friends in this place as a percentage of kills by friends in the entire game.
 D = Other kills in this place as a percentage of other kills in the entire game.
 E = Experience gained in this place as a percentage of experience gained in the entire game.
 F = Experience gained in this place divided by the number of levels of this place that you have seen.
                   A       B       C       D       E      F
               +-------+-------+-------+-------+-------+----------------------
         Total | 100.0 | 100.0 |   N/A |   N/A | 100.0 |  23.0
       Dungeon | 100.0 | 100.0 |   N/A |   N/A | 100.0 |  23.0
               +-------+-------+-------+-------+-------+----------------------

Table legend: (Time is in decaauts)
 A = Elapsed time spent in this place.
 B = Non-inter-level travel time spent in this place.
 C = Inter-level travel time spent in this place.
 D = Time resting spent in this place.
 E = Time spent auto-exploring this place.
 F = Levels seen in this place.
 G = Mean time per level.
                   A        B        C        D        E       F      G
               +--------+--------+--------+--------+--------+-----+--------+
         Total |   1184 |   1167 |     17 |     91 |    904 |   2 |  592.0 |
       Dungeon |   1184 |   1167 |     17 |     91 |    904 |   2 |  592.0 |
               +--------+--------+--------+--------+--------+-----+--------+

Top non-repeatable levels by time:
     D:1: 1165 daAuts
     D:2: 19 daAuts
